 Dungeon Crawl Stone Soup version 0.26-a0-651-gb41185065b (webtiles) character file.

Game seed: 12442637058541372554

(classic levelgen) 7272 EnegeticOcto the Cleaver (level 10, 70/92 HPs)
             Began as a Deep Dwarf Fighter on Oct 17, 2020.
             Was a High Priest of Makhleb.
             Quit the game on level 9 of the Dungeon.
             The game lasted 00:03:43 (5060 turns).

EnegeticOcto the Cleaver (Deep Dwarf Fighter)       Turns: 5060, Time: 00:03:44

Health: 70/92      AC: 14    Str: 23    XL:     10   Next: 89%
Magic:  0/0        EV:  7    Int:  9    God:    Makhleb [*****.]
Gold:   602        SH: 11    Dex: 12    Spells: 9/9 levels left

rFire    + . .     SeeInvis .   a - +1 war axe
rCold    . . .     Faith    +   c - +0 kite shield
rNeg     . . .     Spirit   .   s - +0 chain mail
rPois    .         Reflect  .   j - +0 helmet
rElec    .         Harm     .   y - scarf {repulsion}
rCorr    .         Rampage  .   (no gloves)
MR       +....                  w - +1 pair of boots
Stlth    ..........             q - amulet of faith
HPRegen  0.00/turn              z - ring of protection from fire
MPRegen  0.07/turn              A - ring of attention (curse)

@: non-regenerating, repel missiles
A: damage resistance, heal wounds, sense surroundings 2, no regeneration
a: Heal Wounds, Minor Destruction, Lesser Servant of Makhleb, Major Destruction,
Greater Servant of Makhleb, Renounce Religion


You were on level 9 of the Dungeon.
You worshipped Makhleb.
Makhleb was extremely pleased with you.
You visited 1 branch of the dungeon, and saw 9 of its levels.

You collected 602 gold pieces.

Inventory:

Hand Weapons
 a - a +1 war axe (weapon)
Armour
 c - a +0 kite shield (worn)
 j - a +0 helmet (worn)
 s - a +0 chain mail (worn)
 w - a +1 pair of boots (worn)
 y - a scarf of repulsion (worn)
Jewellery
 q - an amulet of faith (around neck)
 z - a ring of protection from fire (left hand)
 A - a cursed ring of attention (right hand)
Wands
 u - a wand of digging (4) {@v3}
 v - a wand of acid (12) {@v1}
Scrolls
 f - 3 scrolls of fear
 h - 5 scrolls of magic mapping {@r5}
 i - 2 scrolls of teleportation {@r3}
 k - 2 scrolls of fog
 l - a scroll of immolation {@r4}
 o - 3 scrolls of remove curse {@r2}
 p - a scroll of enchant weapon
 x - a scroll of vulnerability {unknown}
Potions
 b - a potion of mutation
 d - 2 potions of might {@q3}
 e - a potion of ambrosia {unknown}
 g - a potion of resistance {unknown}
 m - 2 potions of stabbing
 n - a potion of flight
 r - 5 potions of curing {@q1}
 t - a potion of invisibility


   Skills:
 + Level 6.9 Fighting
 * Level 10.9 Axes
 + Level 8.2 Armour
 + Level 8.2 Shields
 + Level 8.6 Invocations


You had 9 spell levels left.
You didn't know any spells.
Your spell library was empty.

Dungeon Overview and Level Annotations

Branches:
Dungeon (9/15)             Temple (0/1) D:5
   Lair: D:8-11         Orc: D:9-12

Altars:
Ashenzari
Cheibriados
Elyvilon
Fedhas
Hepliaklqana
Kikubaaqudgha
Makhleb
Ru
Uskayaw
Vehumet
Xom
Yredelemnul
Zin


Innate Abilities, Weirdness & Mutations

You are resistant to damage.
You can heal yourself by infusing magical energy.
You passively map the area around you.
You do not regenerate.


Message History

A hound is nearby!
A hound is nearby!
A hippogriff comes into view.
Found a peridot ring.
You slash the hound!
The hound is almost dead.
You block the hound's attack.
You slash the hound!
You kill the hound!
Makhleb accepts your kill.
You feel better. You block the hippogriff's attack. x2
The hippogriff claws you but does no damage.
You hit the hippogriff.
The hippogriff is lightly wounded.
The hippogriff barely misses you.
The hippogriff pecks you but does no damage.
The hippogriff claws you but does no damage.
You barely miss the hippogriff.
The hippogriff is lightly wounded.
The hippogriff bites you!
The hippogriff pecks you but does no damage.
You block the hippogriff's attack.
You barely miss the hippogriff.
The hippogriff is lightly wounded.
The hippogriff bites you but does no damage.
You block the hippogriff's attack.
The hippogriff claws you but does no damage.
You slash the hippogriff!
The hippogriff is moderately wounded.
You block the hippogriff's attack. x2; The hippogriff claws you.
You hit the hippogriff but do no damage.
The hippogriff is moderately wounded.
The hippogriff bites you but does no damage.
The hippogriff pecks you.
The hippogriff claws you but does no damage.
You hit the hippogriff.
The hippogriff is heavily wounded.
The hippogriff barely misses you.
The hippogriff pecks you but does no damage.
The hippogriff claws you but does no damage.
You slash the hippogriff!
The hippogriff is severely wounded.
The hippogriff bites you! You block the hippogriff's attack.
The hippogriff claws you.
You slash the hippogriff!
The hippogriff is almost dead.
You block the hippogriff's attack.
The hippogriff pecks you but does no damage.
The hippogriff closely misses you.
Your chain mail prevents you from hitting the hippogriff.
The hippogriff is almost dead.
You block the hippogriff's attack.
The hippogriff pecks you but does no damage.
The hippogriff claws you. You block the hippogriff's attack. x2
The hippogriff claws you but does no damage.
You hit the hippogriff.
The hippogriff is almost dead.
You hit the hippogriff.
You kill the hippogriff!
Makhleb accepts your kill.
You feel better.
Your life force feels restored.
No target in view!
No target in view!
z - a moonstone ring
o - 3 scrolls of remove curse {@r2} (gained 1)
You now have 602 gold pieces (gained 13).
Found a club.
A - a peridot ring
r - 5 potions of curing {@q1} (gained 1)
You open the door.
There is an open door here.
There is an open door here.
There is an open door here.
Done exploring.
No target in view!
Done exploring.
No target in view!
No target in view!
No target in view!
No target in view!
No target in view!
No target in view!
No target in view!
No target in view!
No target in view!
No target in view!
No target in view!
No target in view!
No target in view!
No target in view!
No target in view!
No target in view!
There's nothing to open nearby.
z - a ring of protection from fire (left hand) Oops, that ring feels deathly cold.
A - a cursed ring of attention (right hand) Search for what [Enter for "axe", or ? for help]? .
Are you sure you want to abandon this character and quit the game? (Confirm with "yes".)

.#
###.#######.........
.# #####.# #.........
.#
#.....#######.........
.#
#.....#........###....
.# #.....#........#
#.... .#
#.....#........# ##)#.
.# #.....#........#
#)## .#
#..............####(..
.#
#....@.<..............
.#
####..................
.# #.....#####....(...
.# #.....## #........
.# #......####........
.# ####.....###.......
)# #.....# #....... .#
####.....###....... .#
#............######


There were no monsters in sight!

Vanquished Creatures
  2 two-headed ogres
  Maggie (D:7)
  A hornet (D:9)
  3 hippogriffs
  9 yaks
  Duvessa (D:5)
  3 orc warriors
  2 sky beasts
  2 black bears (D:9)
  A phantom (D:6)
  A necrophage (D:7)
  5 ogres
  3 centaurs
  A big kobold (D:9)
  3 bullfrogs
  3 scorpions
  Dowan (D:5)
  5 killer bees (D:9)
  6 wights
  A centaur zombie (D:8)
  An iron imp (D:9)
  A jelly (D:6)
  4 hounds
  2 centaur skeletons
  6 orc priests
  4 orc wizards
  4 iguanas
  5 worker ants
  2 hound zombies
  A worker ant zombie (D:7)
  4 gnolls (D:6)
  A howler monkey skeleton (D:8)
  12 adders
  7 river rats (D:5)
  4 shadow imps
  3 white imps
  2 ufetubi
  An ooze (D:4)
  An adder zombie (D:5)
  An adder skeleton (D:7)
  4 worms
  3 dart slugs
  2 leopard geckos
  27 orcs
  2 bats (D:3)
  A goblin (D:1)
  A hobgoblin (D:3)
  3 jackals
  8 quokkas
  3 frilled lizards
  7 kobolds
  A leopard gecko skeleton (D:4)
  A quokka skeleton (D:7)
  17 rats
200 creatures vanquished.

Notes
Turn   | Place    | Note
-------+----------+-------------------------------------------
     0 | D:1      | EnegeticOcto the Deep Dwarf Fighter began the quest for the
                  | Orb.
     0 | D:1      | Reached XP level 1. HP: 20/20 MP: 1/1
    70 | D:3      | Noticed an orc priest
    82 | D:3      | Killed an orc priest
    82 | D:3      | Reached skill level 3 in Axes
    82 | D:3      | Reached XP level 2. HP: 18/28 MP: 1/1
    82 | D:3      | Reached XP level 3. HP: 22/34 MP: 2/2
   423 | D:3      | Found a burning altar of Makhleb.
   429 | D:3      | Found a glowing silver altar of Zin.
   429 | D:3      | Noticed an angel
   430 | D:3      | Noticed a cacodemon
   432 | D:3      | Became a worshipper of Makhleb the Destroyer
   467 | D:4      | Reached XP level 4. HP: 34/42 MP: 3/3
   480 | D:4      | Reached skill level 1 in Invocations
   480 | D:4      | Reached XP level 5. HP: 40/49 MP: 4/4
   539 | D:4      | Reached skill level 4 in Axes
   581 | D:4      | Found a blossoming altar of Fedhas.
   614 | D:4      | Reached * piety under Makhleb
   627 | D:4      | Reached XP level 6. HP: 29/56 MP: 5/5
   984 | D:5      | Entered Level 5 of the Dungeon
  1011 | D:5      | Found a shimmering altar of Xom.
  1029 | D:5      | Found a staircase to the Ecumenical Temple.
  1042 | D:5      | Reached skill level 5 in Axes
  1186 | D:5      | Noticed Duvessa
  1186 | D:5      | Noticed Dowan
  1200 | D:5      | Killed Dowan
  1200 | D:5      | Reached XP level 7. HP: 35/63 MP: 6/6
  1223 | D:5      | Killed Duvessa
  1356 | D:5      | Reached skill level 5 in Armour
  1429 | D:5      | Reached skill level 5 in Shields
  1475 | D:5      | Reached ** piety under Makhleb
  1475 | D:5      | Reached skill level 6 in Axes
  1757 | D:6      | Reached XP level 8. HP: 63/73 MP: 5/5
  1836 | D:6      | Noticed a two-headed ogre
  1857 | D:6      | Killed a two-headed ogre
  1857 | D:6      | Reached skill level 5 in Fighting
  1857 | D:6      | Reached skill level 7 in Axes
  1857 | D:6      | Reached skill level 5 in Invocations
  1952 | D:6      | Reached *** piety under Makhleb
  1952 | D:6      | Reached skill level 8 in Axes
  1952 | D:6      | Gained mutation: You passively map the area around you.
                  | [Deep Dwarf growth]
  1952 | D:6      | Reached XP level 9. HP: 72/81 MP: 3/3
  2335 | D:6      | Found an ancient bone altar of Kikubaaqudgha.
  2623 | D:7      | Found a hide-covered altar of Uskayaw.
  2654 | D:7      | Found a white marble altar of Elyvilon.
  3069 | D:7      | Noticed Maggie
  3081 | D:7      | Killed Maggie
  3081 | D:7      | Reached skill level 9 in Axes
  3222 | D:7      | Found a basalt altar of Yredelemnul.
  3269 | D:7      | Found a sacrificial altar of Ru.
  3572 | D:8      | Reached **** piety under Makhleb
  3628 | D:8      | Reached XP level 10. HP: 47/91 MP: 4/4
  3740 | D:8      | Found a broken altar of Ashenzari.
  4076 | D:8      | Found a hazy altar of Hepliaklqana.
  4338 | D:9      | Reached skill level 10 in Axes
  4394 | D:9      | Noticed a two-headed ogre
  4412 | D:9      | Killed a two-headed ogre
  4518 | D:9      | Found a radiant altar of Vehumet.
  4683 | D:9      | Found a snail-covered altar of Cheibriados.
  4782 | D:9      | Reached ***** piety under Makhleb
  5060 | D:9      | Quit the game

Illustrated notes

Levels and vault maps discovered:
D:1:      wander_arrival_desolate, layout_basic, hangedman_decor_peaks_small
D:2:      layout_basic, tgw_trog, uniq_robin
D:3:      kennysheep_goblin_castle, layout_basic,
          grunt_temple_overflow_order_and_chaos_2
D:4:      layout_rooms, kennysheep_mini_moat
D:5:      lemuel_ratsnest, layout_rooms, brannock_xom_greatest_gift,
          minmay_temple_entry_grid, uniq_duvessa
D:6:      hangedman_cross_stitches, layout_basic, kennysheep_mini
D:7:      minmay_clustersquares, layout_loops_corners,
          nicolae_overflow_crystal_walls, lemuel_doored_altar, minitemple,
          uniq_maggie
D:8:      layout_basic, nicolae_overflow_hidden_temple,
          cheibrodos_ashenzari_chains
D:9:      layout_basic, slow_altar_1, kennysheep_little_box

Skill      XL: |  1  2  3  4  5  6  7  8  9 10 |
---------------+-------------------------------+-----
Fighting       | 3 4 5 6 |  6.9
Axes           | 3 4 5 6 8 9 10 | 10.9
Armour         | 4 5 6 7 8 |  8.2
Shields        | 4 5 6 7 8 |  8.2
Invocations    | 1 2 3 4 5 7 8 |  8.6

Action                   |  1- 3 |  4- 6 |  7- 9 | 10-12 || total
-------------------------+-------+-------+-------+-------++-------
Melee: War axe           |    49 |   146 |   403 |   240 ||   838
 Abil: Heal Wounds       |     2 |     3 |    22 |    10 ||    37
  Use: Scroll            |       |       |    13 |     3 ||    16
Armor: Scale mail        |    17 |    56 |    62 |       ||   135
       Chain mail        |       |       |   113 |   136 ||   249
Dodge: Dodged            |    10 |    57 |   114 |    63 ||   244
Block: Kite shield       |    21 |    87 |   271 |   166 ||   545

Table legend: (Time is in decaauts)
 A = Elapsed time spent in this place.
 B = Non-inter-level travel time spent in this place.
 C = Inter-level travel time spent in this place.
 D = Time resting spent in this place.
 E = Time spent auto-exploring this place.
 F = Levels seen in this place.
 G = Mean time per level.
                   A        B        C        D        E       F      G
               +--------+--------+--------+--------+--------+-----+--------+
         Total |   5226 |   5004 |    222 |      0 |   3476 |   9 |  580.7 |
       Dungeon |   5226 |   5004 |    222 |      0 |   3476 |   9 |  580.7 |
               +--------+--------+--------+--------+--------+-----+--------+

Top non-repeatable levels by time:
     D:7: 1010 daAuts
     D:6: 974 daAuts
     D:8: 785 daAuts
     D:9: 775 daAuts
     D:5: 647 daAuts
     D:4: 560 daAuts
     D:3: 403 daAuts
     D:1: 46 daAuts
     D:2: 23 daAuts
